 Dungeon Crawl Stone Soup version 0.31-a0-361-g0f8bd3a31e (webtiles) character file.

Game seed: 15599088898557014573

46 AdnanSaban the Trooper (level 3, -6/24 HPs)
             Began as a Gargoyle Fighter on July 27, 2023.
             Killed by divine providence
             ... invoked by an orc priest
              (12 damage)
             ... on level 3 of the Dungeon.
             The game lasted 00:00:57 (1430 turns).

AdnanSaban the Trooper (Gargoyle Fighter)           Turns: 1430, Time: 00:00:58

Health: -6/24      AC: 10    Str: 21    XL:     3   Next: 66%
Magic:  3/3        EV:  9    Int:  8    God:
Gold:   58         SH:  4    Dex:  9    Spells: 2/2 levels left

rFire   . . .        a - +0 flail
rCold   . . .        c - +0 buckler
rNeg    + . .        b - +0 scale mail
rPois   ∞            (no helmet)
rElec   +            (no cloak)
rCorr   .            (no gloves)
SInv    .            (no boots)
Will    .....        (no amulet) Stlth
                     (no ring)
HPRegen 0.24/turn    (no ring)
MPRegen 0.08/turn

%: no passive effects
@: no status effects
A: sickness immunity, AC +3, negative energy resistance 1, electricity
resistance, torment resistance 1, petrification resistance
a: no special abilities


You were on level 3 of the Dungeon.
You visited 1 branch of the dungeon, and saw 3 of its levels.

You collected 58 gold pieces.

Inventory:

Hand Weapons
 a - a +0 flail (weapon)
Armour
 b - a +0 scale mail (worn)
 c - a +0 buckler (worn)
Jewellery
 o - a ring of see invisible
 q - a ring of resist corrosion
Scrolls
 e - a scroll of poison {unknown}
 k - a scroll of teleportation {unknown}
 l - 4 scrolls of identify {unknown}
 m - 2 scrolls of immolation {unknown}
 n - 3 scrolls of fog {unknown}
 s - a scroll of noise {unknown}
Potions
 d - a potion of might
 f - 2 potions of heal wounds {unknown}
 g - 2 potions of curing {unknown}
 h - a potion of mutation {unknown}
 i - a potion of brilliance {unknown}
 j - 2 potions of attraction {unknown}
 p - a potion of degeneration {unknown}
 r - a potion of magic {unknown}


   Skills:
 + Level 3.9 Fighting
 + Level 2.7 Maces & Flails
 + Level 3.6 Armour
 + Level 0.2 Dodging
 + Level 3.5 Shields


You had 2 spell levels left.
You didn't know any spells.
Your spell library contained the following spells:

 Spells                   Type           Power      Damage    Failure   Level
 Summon Small Mammal      Summ           0%         N/A       82%         1
 Call Canine Familiar     Summ           0%         N/A       99%         3
 Ignite Poison            Fire/Tmut/Pois 0%         N/A       99%         3
 Summon Guardian Golem    Hex/Summ       0%         N/A       99%         3
 Freezing Cloud           Conj/Ice/Air   0%         6-21      100%        5
 Cigotuvi's Dreadful Rot  Necr/Pois/Air  Unusable   N/A       N/A         2

Dungeon Overview and Level Annotations

Branches:
Dungeon (3/15)

Altars:

Shops:
D:2 :


Innate Abilities, Weirdness & Mutations

You are immune to sickness and miasma.
Your stone body is resilient. (AC +3)
You are immune to poison.
You resist negative energy. (rN+)
You are resistant to electric shocks. (rElec)
You are resistant to unholy torment.
You are immune to petrification.


Message History

The adder closely misses you. x2
You barely miss the adder. The adder barely misses you.
You barely miss the adder. The adder bites you. You block the adder's attack.
You closely miss the adder. The adder closely misses you.
The orc priest miscasts a cantrip.
The adder bites you but does no damage.
You thump the adder!
You kill the adder!
The orc priest invokes the aid of Beogh against you.
Beogh smites you!
You are too injured to fight recklessly!
You are too injured to fight recklessly!
You are too injured to fight recklessly!
You are too injured to fight recklessly!
You are too injured to fight recklessly!
You are too injured to fight recklessly!
You are too injured to fight recklessly!
You are too injured to fight recklessly!
You are too injured to fight recklessly!
You are too injured to fight recklessly!
You are too injured to fight recklessly!
You are too injured to fight recklessly!
You are too injured to fight recklessly!
You are too injured to fight recklessly!
You are too injured to fight recklessly!
You are too injured to fight recklessly!
Unknown command.
You hit the orc.
The orc is heavily wounded.
The orc hits you but does no damage. The orc priest barely misses you.
You closely miss the orc priest. The orc barely misses you.
The orc priest barely misses you.
You sock the orc priest!
The orc priest is heavily wounded.
The orc hits you with a +0 flail.
* * * LOW HITPOINT WARNING * * *
The orc priest calls down the wrath of Beogh upon you.
Beogh smites you!
Ouch! That really hurt!
You die...

#.##.##.# #.##.##.#
#.##.##.# #.##.##.# #
#.##.##.# .#
######.......###.#
#...)...#....#...
#.#####.####.#o###
###.#####.####..@o.#
.......#...(.).#)#......
###.##.#..####.#.# ##.##
#.......####.#.#
####......##.#..
###.##.##.###
###.##.##.# ##.#.......#
#####....†..####


You could see an orc priest and an orc.

Vanquished Creatures
  An adder (D:3)
  3 orcs (D:3)
  4 endoplasms
  A giant cockroach (D:1)
  4 goblins (D:1)
  2 hobgoblins
  2 quokkas (D:1)
  4 bats
  4 frilled lizards
  3 kobolds
  3 rats
31 creatures vanquished.

Notes
Turn   | Place    | Note
-------+----------+-------------------------------------------
     0 | D:1      | AdnanSaban the Gargoyle Fighter began the quest for the
                  | Orb.
     0 | D:1      | Reached XP level 1. HP: 14/14 MP: 1/1
   193 | D:1      | Reached XP level 2. HP: 19/19 MP: 2/2
   691 | D:2      | Reached XP level 3. HP: 24/24 MP: 3/3
  1221 | D:2      | Found Rudeseujo's Book Boutique.
  1430 | D:3      | Killed from afar by an orc priest

Illustrated notes

Levels and vault maps discovered:
D:1:      dpeg_arrival_round_b, layout_loops_ring, hex_large,
          hangedman_decor_clover_reticule, grunt_decor_one_mirror
D:2:      layout_basic, serial_shops, nicolae_shop_pleasant_corner_grove
D:3:      layout_loops_cross, overflow_temple_1_default, bloody_makhleb,
          ebering_ecumenical_altar_hall, nrook_uturn, columned_hall_lemuel,
          uniq_grinder, uniq_ijyb

Action                     || total
---------------------------++-------
  Melee: Flail             ||    76
 Armour: Scale mail        ||    39
  Dodge: Dodged            ||    35
  Block: Buckler           ||     9

Table legend: (Time is in decaauts)
 A = Elapsed time spent in this place.
 B = Non-inter-level travel time spent in this place.
 C = Inter-level travel time spent in this place.
 D = Time resting spent in this place.
 E = Time spent auto-exploring this place.
 F = Levels seen in this place.
 G = Mean time per level.
                   A        B        C        D        E       F      G
               +--------+--------+--------+--------+--------+-----+--------+
         Total |   1454 |   1424 |     30 |      0 |   1213 |   3 |  484.7 |
       Dungeon |   1454 |   1424 |     30 |      0 |   1213 |   3 |  484.7 |
               +--------+--------+--------+--------+--------+-----+--------+

Top non-repeatable levels by time:
     D:1: 690 daAuts
     D:2: 687 daAuts
     D:3: 76 daAuts
